 Dungeon Sprint DCSS version 0.30-a0-737-gf23d94013f (webtiles) character file.

Game seed: 15348636008158214090

1832 rocky1 the Bludgeoner (level 9, -8/80 HPs)
             Began as an Ogre Gladiator on Feb 3, 2023.
             Was an Initiate of Gozag.
             Splashed by a brown ugly thing's acid (10 damage)
             ... in the Dungeon (Sprint IX: "|||||||||||||||||||||||||||||").
             The game lasted 00:02:43 (1067 turns).

rocky1 the Bludgeoner (Ogre Gladiator)              Turns: 1067, Time: 00:02:45

Health: -8/80      AC:  1    Str: 27    XL:     9   Next: 11%
Magic:  9/9        EV: 10    Int:  9    God:    Gozag
Gold:   612        SH:  0    Dex: 10    Spells: 8/8 levels left

rFire   . . .      SeeInvis .    n - +2 morningstar (heavy)
rCold   . . .      Faith    .    (no shield)
rNeg    . . .      Spirit   .    b - +0 robe
rPois   .          Reflect  .    c - +0 hat
rElec   .          Harm     .    (no cloak)
rCorr   .          Rampage  .    (gloves unavailable)
Will    .....      NoTele   +    (boots unavailable)
Stlth   +                        (no amulet)
HPRegen 0.33/turn                o - +3 ring of strength
MPRegen 0.11/turn                p - +2 ring of protection

@: corroded, hasted, very quick
A: large, unfitting armour, tough skin 1
a: Renounce Religion, Potion Petition, Call Merchant, Bribe Branch


You were in the Dungeon.
You worshipped Gozag.
Gozag was pleased with you.
You visited 1 branch You collected 612 gold pieces.

Inventory:

Hand Weapons
 a - a +0 flail
 n - a +2 heavy morningstar (weapon)
Missiles
 e - a large rock (quivered)
Armour
 b - a +0 robe (worn)
 c - a +0 hat (worn)
Jewellery
 o - a +3 ring of strength (left hand)
 p - a +2 ring of protection (right hand)
Wands
 m - a wand of iceblast (10)
Scrolls
 k - a scroll of blinking
 l - 2 scrolls of amnesia
Potions
 i - 4 potions of magic
 j - 4 potions of curing


   Skills:
 - Level 2.6 Fighting
 + Level 18.0 Maces & Flails
 - Level 2.0 Throwing
 - Level 2.6 Dodging


You had 8 spell levels left.
You didn't know any spells.
Your spell library was empty.

Dungeon Overview and Level Annotations

Branches:
Dungeon (1/1)

Altars:
Cheibriados
Dithmenos
Elyvilon
Fedhas
Gozag
Hepliaklqana
Kikubaaqudgha
Makhleb
Nemelex Xobeh
Okawaru
Qazlal
Ru
Sif Muna
Trog
Uskayaw
Vehumet
Wu Jian
Xom
Yredelemnul
Zin
The Shining One
Jiyva
Lugonu


Innate Abilities, Weirdness & Mutations

You are too large for most types of armour.
You have tough skin. (AC +1)


Message History

You skewer the centaur warrior like a kebab!!!
You kill the centaur warrior!
Your Maces & Flails skill increases to level 17!
Things that are here:
279 gold pieces; a +0 shortbow The tengu conjurer is no longer distracted by gold.
The brown ugly thing is distracted by your dazzling golden aura.
The tengu conjurer hits you. The tengu conjurer barely misses you.
The tengu conjurer closely misses you.
You closely miss the tengu conjurer. The tengu conjurer hits you!
The tengu conjurer pecks you but does no damage.
The tengu conjurer claws you but does no damage.
You bludgeon the tengu conjurer!!
You kill the tengu conjurer!
Your Maces & Flails skill increases to level 18!
You have reached level 9!
Your experience leads to an increase in your attributes!
Your base attributes are Str 21, Int 9, Dex 10.
Increase (S)trength, (I)ntelligence, or (D)exterity?
You feel stronger. x3
Unknown command.
You see here 45 gold pieces.
You hit the brown ugly thing.
The brown ugly thing is no longer distracted by gold.
The brown ugly thing is lightly wounded.
The brown ugly thing pecks you but does no damage.
You hit the brown ugly thing.
The brown ugly thing is lightly wounded.
You closely miss the brown ugly thing.
The brown ugly thing is lightly wounded.
The brown ugly thing pecks you! The acid corrodes you!
You are splashed with acid!
* * * LOW HITPOINT WARNING * * *
You barely miss the brown ugly thing.
The brown ugly thing is lightly wounded.
The brown ugly thing pecks you!
* * * LOW HITPOINT WARNING * * *
The acid corrodes you!
You are splashed with acid!
You die...
Your body crumbles into a pile of gold. ▓▓▓▓▓▓▓▓▓▓▓▓▓▓▓▓▓▓▓▓ +.u@.$$'.....)').[[[ ▓▓▓▓▓▓▓▓▓▓▓▓▓▓▓▓▓▓▓▓ $ $$ $$$$$ $ $ $

You could see a brown ugly thing.

Vanquished Creatures
  A centaur warrior (D)
  An unseen horror (D)
  A tengu conjurer (D)
  A troll (D)
  A yak (D)
  A vampire mosquito (D)
  An acid dragon (D)
  A centaur (D)
  2 gnoll sergeants (D)
  2 orc wizards (D)
  An adder (D)
  A worm (D)
  An orc (D)
  A hobgoblin (D)
  2 ball pythons (D)
  A kobold (D)
  A rat (D)
20 creatures vanquished.

Vanquished Creatures (others)
  A howler monkey (D)
1 creature vanquished.

Grand Total: 21 creatures vanquished

Notes
Turn   | Place    | Note
-------+----------+-------------------------------------------
     0 | D        | rocky1 the Ogre Gladiator began the quest for the Orb.
     0 | D        | Reached XP level 1. HP: 22/22 MP: 1/1
     9 | D        | Reached skill level 3 in Maces & Flails
    16 | D        | Reached skill level 4 in Maces & Flails
    22 | D        | Noticed a gnoll sergeant
    22 | D        | Noticed an orc wizard
    29 | D        | Killed an orc wizard
    30 | D        | Reached skill level 6 in Maces & Flails
    30 | D        | Reached XP level 2. HP: 26/29 MP: 2/2
    30 | D        | Reached XP level 3. HP: 32/36 MP: 3/3
    32 | D        | Killed a gnoll sergeant
    33 | D        | Reached skill level 8 in Maces & Flails
    33 | D        | Reached XP level 4. HP: 26/44 MP: 4/4
   543 | D        | Found a snail-covered altar of Cheibriados.
   543 | D        | Found a shadowy altar of Dithmenos.
   543 | D        | Found a white marble altar of Elyvilon.
   543 | D        | Found a blossoming altar of Fedhas.
   543 | D        | Found an opulent altar of Gozag.
   544 | D        | Found a hazy altar of Hepliaklqana.
   545 | D        | Found a viscous altar of Jiyva.
   546 | D        | Found an ancient bone altar of Kikubaaqudgha.
   547 | D        | Found a corrupted altar of Lugonu.
   548 | D        | Found a burning altar of Makhleb.
   549 | D        | Found a sparkling altar of Nemelex Xobeh.
   550 | D        | Found an iron altar of Okawaru.
   551 | D        | Found a stormy altar of Qazlal.
   552 | D        | Found a sacrificial altar of Ru.
   553 | D        | Found a shimmering blue altar of Sif Muna.
   554 | D        | Found a bloodstained altar of Trog.
   555 | D        | Found a hide-covered altar of Uskayaw.
   556 | D        | Found a radiant altar of Vehumet.
   557 | D        | Found an ornate altar of the Wu Jian Council.
   558 | D        | Found a shimmering altar of Xom.
   559 | D        | Found a basalt altar of Yredelemnul.
   560 | D        | Found a glowing silver altar of Zin.
   561 | D        | Found a glowing golden altar of the Shining One.
   621 | D        | Became a worshipper of Gozag Ym Sagoz the Greedy
   650 | D        | Noticed a gnoll sergeant
   650 | D        | Noticed a centaur
   650 | D        | Noticed a yak
   650 | D        | Noticed an acid dragon
   657 | D        | Killed an acid dragon
   658 | D        | Reached skill level 11 in Maces & Flails
   658 | D        | Reached XP level 5. HP: 38/50 MP: 5/5
   659 | D        | Killed a yak
   660 | D        | Reached XP level 6. HP: 45/59 MP: 6/6
   663 | D        | Reached skill level 12 in Maces & Flails
   670 | D        | Killed an unseen horror
   671 | D        | Reached skill level 14 in Maces & Flails
   671 | D        | Reached XP level 7. HP: 20/66 MP: 7/7
  1045 | D        | Noticed a brown ugly thing
  1045 | D        | Noticed a tengu conjurer
  1045 | D        | Noticed a centaur warrior
  1045 | D        | Noticed a troll
  1045 | D        | Noticed a vampire mosquito
  1050 | D        | Killed a vampire mosquito
  1051 | D        | Reached skill level 15 in Maces & Flails
  1053 | D        | Killed a troll
  1054 | D        | Reached skill level 16 in Maces & Flails
  1054 | D        | Reached XP level 8. HP: 47/74 MP: 8/8
  1058 | D        | Killed a centaur warrior
  1059 | D        | Reached skill level 17 in Maces & Flails
  1062 | D        | Killed a tengu conjurer
  1063 | D        | Reached skill level 18 in Maces & Flails
  1063 | D        | Reached XP level 9. HP: 35/80 MP: 9/9
  1067 | D        | HP: 2/80 [brown ugly thing (16)]
  1067 | D        | Splashed by a brown ugly thing's acid

Illustrated notes

Levels and vault maps discovered:
D:        linesprint [early_d, line_temple, items_1, d_10, items_2, lair_1,
          lair_end, items_3, orc_1, orc_end, items_4, d_15, swamp_1, shoals_1,
          snake_1, spider_1, d_20, vaults_1, items_5, swamp_end, shoals_end,
          snake_end, spider_end, vaults_end, d_27, items_6, zot_1, zot_end,
          crypt_end, forest_end, elf_end, slime_end, tomb_end, abyss_end,
          pan_hell_end]

Skill      XL: |  1  2  3  4  5  6  7  8 |
---------------+-------------------------+-----
Maces & Flails | 6 8 11 14 16 18 | 18.0
Fighting       | |  2.6
Throwing       | |  2.0
Dodging        | |  2.6

Action                     |  1- 3 |  4- 6 |  7- 9 || total
---------------------------+-------+-------+-------++-------
  Melee: Flail             |    16 |    11 |       ||    27
         Morningstar       |       |    12 |    18 ||    30
  Throw: Throwing net      |     2 |     1 |       ||     3
         Large rock        |       |     1 |       ||     1
    Use: Potion            |     2 |     4 |     1 ||     7
         Scroll            |       |     1 |       ||     1
   Stab: Invisible         |       |     1 |       ||     1
         Distracted        |       |       |     1 ||     1
 Armour: Robe              |     4 |     5 |     8 ||    17
  Dodge: Dodged            |     6 |    15 |     9 ||    30

Table legend: (Time is in decaauts)
 A = Elapsed time spent in this place.
 B = Non-inter-level travel time spent in this place.
 C = Inter-level travel time spent in this place.
 D = Time resting spent in this place.
 E = Time spent auto-exploring this place.
 F = Levels seen in this place.
 G = Mean time per level.
                   A        B        C        D        E       F      G
               +--------+--------+--------+--------+--------+-----+--------+
         Total |   1075 |   1075 |      0 |    829 |      0 |   1 | 1075.0 |
       Dungeon |   1075 |   1075 |      0 |    829 |      0 |   1 | 1075.0 |
               +--------+--------+--------+--------+--------+-----+--------+

Top non-repeatable levels by time:
       D: 1075 daAuts
